 Dungeon Crawl Stone Soup version 0.26.1-11-gd32895ea62 (webtiles) character file.

Game seed: 10500550895320182836

2982 Zeld the Cruncher (level 9, -18/54 HPs)
             Began as an Octopode Gladiator on May 19, 2021.
             Was a Follower of Wu Jian.
             Demolished by a white ugly thing (32 damage)
             ... on level 5 of the Dungeon.
             The game lasted 00:12:34 (13777 turns).

Zeld the Cruncher (Octopode Gladiator)             Turns: 13777, Time: 00:12:36

Health: -18/54     AC:  3    Str: 13    XL:     9   Next: 83%
Magic:  9/9        EV: 14    Int: 10    God:    Wu Jian [*.....]
Gold:   117        SH:  0    Dex: 17    Spells: 8/8 levels left

rFire    . . .     SeeInvis .   v - +5 quarterstaff
rCold    . . .     Faith    .   (shield currently unavailable)
rNeg     . . .     Spirit   .   b - +2 hat
rPois    .         Reflect  .   (no amulet)
rElec    .         Harm     .   (no ring)
rCorr    .         Rampage  .   (no ring)
Will     .....                  (no ring)
Stlth    +++.......             (no ring)
HPRegen  0.18/turn              (no ring)
MPRegen  0.11/turn              (no ring)
                                (no ring)
                                (no ring)

@: no status effects
A: almost no armour, stealthy swim, amphibious, 8 rings, constrict 8, camouflage
1, gelatinous body 1
a: Renounce Religion


You were on level 5 of the Dungeon.
You worshipped Wu Jian.
Wu Jian was aware of your devotion.
You visited 2 branches of the dungeon, and saw 9 of its levels.

You collected 441 gold pieces.
You spent 324 gold pieces at shops.

Inventory:

Hand Weapons
 a - a +0 quarterstaff
 v - a +5 quarterstaff (weapon)
Missiles
 c - 3 throwing nets
 e - 7 boomerangs (quivered)
Armour
 b - a +2 hat (worn)
Wands
 h - a wand of flame (4)
Scrolls
 d - 7 scrolls of remove curse
 m - 9 scrolls of teleportation
 n - 5 scrolls of amnesia
 r - a scroll of torment {unknown}
Potions
 f - a potion of curing
 g - 4 potions of brilliance {unknown}
 i - 2 potions of invisibility {unknown}
 j - 3 potions of degeneration {unknown}
 k - a potion of haste
 l - 2 potions of resistance {unknown}
 o - a potion of might {unknown}
 p - a potion of heal wounds {unknown}
 q - 2 potions of cancellation {unknown}
 x - a potion of flight {unknown}
 z - a potion of mutation {unknown}


   Skills:
 - Level 2.0 Fighting
 * Level 12.1 Staves
 - Level 6.0 Throwing
 - Level 3.0 Dodging


You had 8 spell levels left.
You didn't know any spells.
Your spell library contained the following spells:

 Spells                   Type           Power        Failure   Level
 Beastly Appendage        Tmut           0%           36%         1
 Summon Small Mammal      Summ           0%           36%         1
 Call Imp                 Summ           0%           50%         2
 Wereblood                Tmut           0%           50%         2
 Call Canine Familiar     Summ           0%           75%         3
 Confusing Touch          Hex            0%           75%         3
 Gell's Gravitas          Tloc           0%           75%         3
 Spider Form              Tmut/Pois      0%           75%         3
 Summon Guardian Golem    Hex/Summ       0%           75%         3
 Ice Form                 Ice/Tmut       0%           98%         4
 Petrify                  Tmut/Erth      0%           98%         4
 Summon Ice Beast         Ice/Summ       0%           98%         4
 Summon Lightning Spire   Summ/Air       0%           98%         4
 Blade Hands              Tmut           0%           100%        5
 Metabolic Englaciation   Hex/Ice        0%           100%        5
 Yara's Violent Unravell  Hex/Tmut       0%           100%        5


Dungeon Overview and Level Annotations

Branches:
Dungeon (8/15)             Temple (1/1) D:7
   Lair: D:8-11

Altars:
Ashenzari
Cheibriados
Dithmenos
Elyvilon
Fedhas
Gozag
Hepliaklqana
Kikubaaqudgha
Makhleb
Nemelex Xobeh
Okawaru
Qazlal
Ru
Sif Muna
Trog
Uskayaw
Vehumet
Wu Jian
Xom
Yredelemnul
Zin
The Shining One

Shops:
D:4 ?

Annotations:
D:6 2 transporters, Diggabert's ghost, novice DECj


Innate Abilities, Weirdness & Mutations

You cannot wear most types of armour.
You are very stealthy in the water. (Stealth+)
You are amphibious.
You can wear up to eight rings at the same time.
You can use your tentacles to constrict eight enemies at once.
Your skin changes colour to match your surroundings (Stealth+).
Your rubbery body absorbs attacks. (AC +1, EV +1)


Message History

You hit the white ugly thing. You grab the white ugly thing.
You squeeze the white ugly thing.
The white ugly thing is lightly wounded.
You constrict the white ugly thing. The white ugly thing pecks you!
The white ugly thing freezes you!
You are too injured to fight recklessly!
You are too injured to fight recklessly!
You are too injured to fight recklessly!
You are too injured to fight recklessly!
You are too injured to fight recklessly!
You sock the white ugly thing!
The white ugly thing is moderately wounded.
You constrict the white ugly thing. You hit the white ugly thing.
The white ugly thing is moderately wounded.
You constrict the white ugly thing. The white ugly thing pecks you!
* * * LOW HITPOINT WARNING * * *
The white ugly thing freezes you!!
Ouch! That really hurt!
You die...

..<.......#.......#.....##.......
....####..#.......#.....#####'###
....####..###.....#####'##.......
............#............#.......
............'....##########......
............#...##........######'
......###'###..##..........##....
......##....####............##...
......##.....##.@............##..
......##....##...u............##.
......+.....#..................#.
......##....#..................#.
......#######.......♣..♣.......#.
......# +.......$♣♣........'.
####### +.......(♣♣........'.
#.......♣..♣.......#.
..........#.


You could see a white ugly thing.

Vanquished Creatures
  An ugly thing (D:8)
  Eustachio (D:5)
  A black bear (D:6)
  A sky beast (D:5)
  A phantom (D:8)
  4 ogres
  A centaur (D:7)
  5 bullfrogs
  5 wights (D:8)
  6 killer bees (D:7)
  A crimson imp (D:8)
  3 hounds
  A bullfrog skeleton (D:6)
  3 orc priests
  Jessica (D:2)
  Terence (D:2)
  4 iguanas
  6 worker ants
  7 orc wizards
  A hound zombie (D:7)
  A hound skeleton (D:4)
  9 adders
  A shadow imp (D:7)
  2 white imps (D:8)
  3 ufetubi
  An ooze (D:3)
  An adder zombie (D:5)
  An adder skeleton (D:6)
  2 worms
  A dart slug (D:1)
  6 leopard geckos
  32 orcs
  9 bats
  4 giant cockroaches
  9 goblins
  5 hobgoblins
  8 jackals
  5 quokkas
  2 frilled lizards (D:4)
  2 giant cockroach zombies
  6 kobolds
  7 rats
171 creatures vanquished.

Notes
Turn   | Place    | Note
-------+----------+-------------------------------------------
     0 | D:1      | Zeld the Octopode Gladiator began the quest for the Orb.
     0 | D:1      | Reached XP level 1. HP: 14/14 MP: 1/1
   319 | D:1      | Reached XP level 2. HP: 13/19 MP: 2/2
  1111 | D:2      | Noticed Jessica
  1111 | D:2      | Noticed Terence
  1289 | D:2      | Killed Terence
  1290 | D:2      | Reached XP level 3. HP: 19/24 MP: 3/3
  1330 | D:2      | Killed Jessica
  1331 | D:2      | Reached skill level 4 in Staves
  1331 | D:2      | Reached XP level 4. HP: 8/29 MP: 4/4
  2423 | D:3      | Reached XP level 5. HP: 22/34 MP: 5/5
  3516 | D:4      | You fall into a shaft and drop 2 floors!
  3700 | D:6      | Reached skill level 5 in Staves
  3707 | D:6      | Reached XP level 6. HP: 10/39 MP: 6/6
  4528 | D:5      | Entered Level 5 of the Dungeon
  4873 | D:4      | Reached skill level 5 in Throwing
  5600 | D:4      | Found Wohifubay's Magic Scroll Shop.
  5603 | D:4      | Bought a scroll of identify for 26 gold pieces
  5603 | D:4      | Bought a scroll of enchant weapon for 97 gold pieces
  5603 | D:4      | Bought a scroll of identify for 26 gold pieces
  5603 | D:4      | Bought a scroll of identify for 26 gold pieces
  5603 | D:4      | Bought a scroll of teleportation for 39 gold pieces
  5603 | D:4      | Bought a scroll of identify for 26 gold pieces
  5607 | D:4      | Noticed a phantom
  6533 | D:4      | Reached skill level 6 in Staves
  6533 | D:4      | Reached XP level 7. HP: 45/45 MP: 7/7
  6730 | D:4      | Bought a scroll of amnesia for 45 gold pieces
  6821 | D:5      | Noticed Eustachio
  6831 | D:5      | Killed Eustachio
  7057 | D:4      | Bought a scroll of remove curse for 39 gold pieces
  7207 | D:5      | Noticed a white ugly thing
  8212 | D:6      | Found a transporter.
  8243 | D:6      | Reached skill level 7 in Staves
  8243 | D:6      | Reached XP level 8. HP: 48/50 MP: 8/8
  8316 | D:6      | Noticed Diggabert's ghost (novice DECj)
  8316 | D:6      | Identified the +7 dire flail "Killer Bee's Regret" {speed,
                  | rC+ Int+2 Dex+3}
  8316 | D:6      | Noticed a two-headed ogre
  8317 | D:6      | Found a transporter.
  8703 | D:7      | Reached skill level 8 in Staves
  8949 | D:7      | Found a staircase to the Ecumenical Temple.
  9065 | Temple   | Entered the Ecumenical Temple
  9317 | Temple   | Became a worshipper of the Wu Jian Council
  9585 | D:7      | Found a white marble altar of Elyvilon.
  9605 | D:7      | Reached skill level 9 in Staves
 10389 | D:7      | Reached skill level 10 in Staves
 10389 | D:7      | Reached XP level 9. HP: 54/54 MP: 9/9
 10844 | D:8      | Reached * piety under Wu Jian
 11316 | D:8      | Noticed a brown ugly thing
 11697 | D:8      | Identified the +4 scale mail of Fashionability {Rampage
                  | rElec rF- SInv}
 12037 | D:8      | Reached skill level 11 in Staves
 12250 | D:8      | Killed a brown ugly thing
 13174 | D:8      | Reached skill level 12 in Staves
 13777 | D:5      | Demolished by a white ugly thing

Illustrated notes

Levels and vault maps discovered:
D:1:      mrwooster_arrival_statue_2, layout_loops_corners, hex_large,
          minmay_misc_feat_iff
D:2:      minmay_chambers_of_twos, layout_loops_ring, uniq_jessica, uniq_terence
D:3:      layout_loops_cross
D:4:      layout_cave_pods, serial_shops, kennysheep_mini
D:5:      kennysheep_big_flooded_room, layout_gridville, uniq_eustachio
D:6:      layout_gridville, gammafunk_ghost_smash
D:7:      layout_loops_ring, minmay_temple_entry_proselytizer, basic_altar
D:8:      layout_gridville, minmay_fire_ice_demons
Temple:   regret_index_temple_sigil_plot

Skill      XL: |  1  2  3  4  5  6  7  8  9 |
---------------+----------------------------+-----
Throwing       | 3 4 5 6 |  6.0
Staves         | 4 5 6 7 10 12 | 12.1
Fighting       | |  2.0
Dodging        | |  3.0

Action                   |  1- 3 |  4- 6 |  7- 9 || total
-------------------------+-------+-------+-------++-------
Melee: Quarterstaff      |    29 |   159 |   237 ||   425
       Constrict         |     8 |    42 |    51 ||   101
       Tentacles         |     2 |    37 |    37 ||    76
Invok: Lunge             |       |       |    16 ||    16
       Whirlwind         |       |       |     1 ||     1
Evoke: Wand              |       |       |     4 ||     4
  Use: Scroll            |       |    15 |     3 ||    18
       Potion            |       |     1 |     2 ||     3
 Stab: Sleeping          |     7 |    13 |    10 ||    30
       Distracted        |       |     1 |     2 ||     3
Armor: Skin              |     1 |     9 |    25 ||    35
Dodge: Dodged            |    13 |   107 |   126 ||   246
